AoeStats
← Mr.Elmo

Arena

510405352Analyzed
3v3 RM · 2d ago on Sep 30, 2026· 35m 20s· 6 players
Game mode
Random Map
Map size
Normal (6 player)
Population
200
Speed
Normal
Resources
Standard
Victory
Conquest
Starting age
Dark Age
Ending age
Imperial Age
RankedLock teamsTeams togetherTeam positionsShared explorationLock speedFull tech treeHidden civsTurbo modeCheats
Victory
Defeat
🇺🇸 Chinese · United States
778
+35
🇪🇸 Turks · Spain
770
+15
🇩🇪 Khmer · Germany
713
+17
🇪🇸 Danes · Spain
792
-17
🇪🇸 Saxons · Spain
749
-16
🇵🇪 Khmer · Peru
703
-25
22cmdeamor
7:07 Loom
10:27 Feudal Age
10:54 Horse Collar
13:08 Arson
13:08 Man-at-Arms
17:21 Gold Mining
17:20 Double-Bit Axe
22:07 Castle Age
20:24 Stone Mining
23:44 Town Watch
26:11 Wheelbarrow
26:24 Heavy Plow
27:47 Caravan
28:38 Gambesons
28:54 Squires
29:49 Hand Cart
33:23 Gold Shaft Mining
33:25 Stone Shaft Mining
DiGhetto97
13:52 Feudal Age
20:23 Castle Age
21:49 Double-Bit Axe
26:49 Horse Collar
27:04 Town Watch
29:56 Imperial Age
27:20 Gold Mining
28:37 Wheelbarrow
28:50 Bow Saw
31:31 Conscription
32:58 Scale Mail Armor
33:24 Hand Cart
Mr.Elmo
8:20 Loom
11:51 Feudal Age
16:21 Double-Bit Axe
25:44 Gold Mining
31:06 Castle Age
dohteM
0:57 Loom
13:09 Feudal Age
13:59 Double-Bit Axe
14:35 Town Watch
16:00 Double-Bit Axe
16:12 Horse Collar
18:53 Castle Age
18:38 Wheelbarrow
20:33 Bow Saw
21:31 Gold Mining
21:19 Pikeman
24:47 Stone Mining
27:50 Hand Cart
28:12 Fletching
28:35 Forging
29:16 Heavy Plow
31:07 Iron Casting
30:28 Bodkin Arrow
34:39 Imperial Age
33:27 Crossbowman
34:13 Thumb Ring
33:35 Elite Skirmisher
35:51 Bracer
35:53 Scale Mail Armor
35:54 Padded Archer Armor
36:55 Blast Furnace
budisimion
10:31 Feudal Age
19:31 Castle Age
20:08 Town Watch
28:18 Imperial Age
26:10 Double-Bit Axe
27:23 Fletching
35:14 Town Patrol
34:58 Horse Collar
julian_venom
0:27 Loom
11:10 Feudal Age
12:32 Wheelbarrow
11:45 Double-Bit Axe
11:43 Horse Collar
22:46 Castle Age
22:02 Scale Barding Armor
21:55 Stone Mining
21:59 Gold Mining
24:34 Hand Cart
24:31 Bow Saw
24:33 Heavy Plow
27:32 Caravan
31:41 Imperial Age
33:23 Town Watch
34:27 Bloodlines
34:18 Husbandry
Connection lost

Rejoining the realm…

Still unreachable

The connection could not be restored.

Session expired

The server has moved on; the page needs a fresh start.